 Dungeon Crawl Stone Soup version 0.28-a0-1182-g381e24db82 (webtiles) character file.

Game seed: 14955069791394626784

2037 siradein the Sneak (level 9, -15/44 HPs)
             Began as a Vine Stalker Summoner on Dec 16, 2021.
             Was an Initiate of Yredelemnul.
             Killed by an exploding themself (44 damage)
             ... ignited by their inner flame
             ... on level 7 of the Dungeon.
             The game lasted 00:43:28 (7199 turns).

siradein the Sneak (Vine Stalker Summoner)          Turns: 7199, Time: 00:43:29

Health: -15/44     AC:  6    Str: 12    XL:     9   Next: 24%
Magic:  0/17       EV: 13    Int: 19    God:    Yredelemnul [......]
Gold:   192        SH:  0    Dex: 14    Spells: 5/18 levels left

rFire   . . .      SeeInvis .   a - +1 trident (vorpal)
rCold   + . .      Faith    .   (no shield)
rNeg    . . .      Spirit   +   n - +0 leather armour
rPois   .          Reflect  .   w - +2 hat
rElec   .          Harm     .   (no cloak)
rCorr   .          Rampage  .   m - +0 pair of gloves
Will    +....                   (no boots)
Stlth   +++.......              h - amulet of regeneration
HPRegen 1.74/turn               l - ring of protection from cold
MPRegen 0.15/turn               f - ring of wizardry

@: no status effects
A: fangs 3, regeneration 1, magic shield, antimagic bite, no potion heal 2
a: Renounce Religion, Recall Undead Harvest


You were on level 7 of the Dungeon.
You worshipped Yredelemnul.
Yredelemnul was noncommittal.
You visited 2 branches of the dungeon, and saw 8 of its levels.

You collected 192 gold pieces.

Inventory:

Hand Weapons
 a - a +1 vorpal trident (weapon)
Armour
 m - a +0 pair of gloves (worn)
 n - a +0 leather armour (worn)
 w - a +2 hat (worn)
Jewellery
 f - a ring of wizardry (right hand)
 h - an amulet of regeneration (around neck)
 l - a ring of protection from cold (left hand)
Wands
 e - a wand of flame (12)
 p - a wand of mindburst (12)
Scrolls
 b - 4 scrolls of teleportation
 c - a scroll of blinking {unknown}
 i - a scroll of acquirement {unknown}
 j - 4 scrolls of enchant weapon {unknown}
 q - a scroll of brand weapon {unknown}
 r - a scroll of holy word {unknown}
Potions
 d - 2 potions of magic
 g - 6 potions of curing {unknown}
 k - 2 potions of flight {unknown}
 o - a potion of brilliance {unknown}
 s - a potion of cancellation {unknown}
 t - a potion of berserk rage {unknown}
 u - a potion of attraction {unknown}
 v - 2 potions of lignification {unknown}


   Skills:
 + Level 3.3 Fighting
 + Level 3.3 Polearms
 + Level 4.1 Dodging
 + Level 6.6 Stealth
 + Level 5.0 Spellcasting
 + Level 2.5 Hexes
 + Level 6.1 Summonings
 + Level 2.5 Air Magic
 + Level 2.0 Invocations


You had 5 spell levels left.
You knew the following spells:

 Your Spells              Type           Power      Damage    Failure   Level
a - Summon Small Mammal   Summ           100%       N/A       1%          1
b - Call Imp              Summ           28%        N/A       1%          2
c - Call Canine Familiar  Summ           28%        N/A       1%          3
d - Summon Guardian Gole  Hex/Summ       21%        N/A       3%          3
e - Summon Lightning Spi  Summ/Air       21%        N/A       11%         4

Your spell library contained the following spells:

 Spells                   Type           Power      Damage    Failure   Level
 Magic Dart               Conj           16%        1d3       6%          1
 Searing Ray              Conj           8%         2d4       10%         2
 Fulminant Prism          Conj/Hex       4%         3d6       34%         4


Dungeon Overview and Level Annotations

Branches:
Dungeon (7/15)             Temple (1/1) D:6

Altars:
Ashenzari
Cheibriados
Dithmenos
Elyvilon
Fedhas
Gozag
Hepliaklqana
Kikubaaqudgha
Nemelex Xobeh
Okawaru
Qazlal
Ru
Sif Muna
Trog
Uskayaw
Vehumet
Wu Jian
Xom
Yredelemnul
Zin


Innate Abilities, Weirdness & Mutations

You have razor-sharp teeth.
Your natural rate of healing is unusually fast.
When hurt, damage is shared between your health and your magic reserves.
Your bite disrupts and absorbs the magic of your enemies.
Potions cannot restore your health.


Message History

The orc warrior barely misses your guardian golem.
The orc warrior barely misses your hound.
The orc warrior hits your orc zombie with a +0 battleaxe.
Your hound barely misses the orc warrior.
Your orc zombie barely misses the orc warrior.
The orc hits your guardian golem but does no damage.
The orc completely misses your hound.
Your crimson imp blinks!
You hit the orc warrior but do no damage.
You bite the orc warrior, but do no damage.
Your hound barely misses the orc warrior.
The orc warrior misses you.
The orc warrior hits your orc zombie with a +0 battleaxe.
The orc warrior hits your hound with a +0 battleaxe!
The orc warrior hits your guardian golem with a +0 battleaxe.
The orc hits your guardian golem but does no damage.
The orc hits your hound with a +0 dagger.
Your orc zombie misses the orc warrior.
Your hound misses the orc warrior.
The orc warrior hits you but does no damage.
The orc warrior hits your guardian golem but does no damage.
The orc warrior hits your hound with a +0 battleaxe!
The orc warrior hits your orc zombie with a +0 battleaxe!
Your orc zombie is destroyed!
You hit the orc warrior but do no damage.
Your bite misses the orc warrior.
Your hound closely misses the orc.
The orc hits your guardian golem but does no damage.
The orc hits your hound with a +0 dagger.
Your guardian golem overheats!
The orc warrior hits you with a +0 battleaxe.
The orc warrior hits your guardian golem with a +0 battleaxe!
Flame seeps out of your guardian golem.
The orc warrior hits your hound with a +0 battleaxe!
Your hound dies!
Your hound's corpse disappears in a puff of smoke!
Your guardian golem disappears in a puff of smoke!
Your guardian golem explodes!
The fiery explosion engulfs you!!!
Ouch! That really hurt!
You die...
Your body rises from the dead as a mindless zombie.

# . . #. ..
.. #. ...
#.##.###
.... ......#
.....
##...#......
#$..@oo.....
#...#○§o....
#.$. 5§.....
#... ##.#...
#... .# ##
.... # .#...
#.....


You could see an orc warrior (ally target), 2 orcs and a friendly crimson imp
(summoned, sheltered).

Vanquished Creatures
  Eustachio (D:6)
  An orc warrior (D:6)
  A sky beast (D:6)
  An ice beast (D:6)
  2 centaurs
  A kobold brigand (D:6)
  2 scorpions (D:5)
  A water moccasin skeleton (D:5)
  A howler monkey (D:4)
  A centaur zombie (D:5)
  An orc priest (D:4)
  4 hounds
  A bullfrog skeleton (D:5)
  A centaur skeleton (D:6)
  An orc wizard (D:6)
  A killer bee zombie (D:6)
  4 gnolls
  A howler monkey skeleton (D:4)
  2 adders
  A shadow imp (D:5)
  2 ufetubi (D:4)
  2 dart slugs
  11 orcs
  6 endoplasms
  4 goblins
  7 hobgoblins
  6 kobolds
  A quokka (D:5)
  6 ball pythons
  5 bats
  10 frilled lizards
  2 rats (D:1)
91 creatures vanquished.

Vanquished Creatures (collateral kills)
  A black bear (D:5)
  A sky beast (D:5)
  An ogre (D:5)
  A phantom (D:4)
  A scorpion (D:6)
  A hound (D:5)
  A jelly (D:4)
  An orc priest (D:6)
  A gnoll shaman (D:6)
  A centaur skeleton (D:6)
  An iguana (D:6)
  An orc wizard (D:4)
  8 gnolls
  2 adders
  A white imp (D:5)
  7 orcs
  An endoplasm (D:4)
  2 goblins
  A hobgoblin (D:2)
  4 frilled lizards (D:2)
  7 kobolds
45 creatures vanquished.

Vanquished Creatures (others)
  A centaur (D:6)
  A centaur zombie (D:6)
  A sky beast zombie (D:6)
  2 gnoll zombies (D:6)
  A kobold zombie (D:6)
  4 orc zombies
  7 plants
17 creatures vanquished.

Grand Total: 153 creatures vanquished

Notes
Turn   | Place    | Note
-------+----------+-------------------------------------------
     0 | D:1      | siradein the Vine Stalker Summoner began the quest for the
                  | Orb.
     0 | D:1      | Reached XP level 1. HP: 9/9 MP: 4/4
   762 | D:1      | Reached XP level 2. HP: 9/13 MP: 3/6
   765 | D:1      | Learned a level 2 spell: Call Imp
  1542 | D:2      | Reached XP level 3. HP: 16/16 MP: 4/7
  1691 | D:2      | Found a faded altar of an unknown god.
  1824 | D:2      | Learned a level 3 spell: Call Canine Familiar
  2160 | D:3      | Found a broken altar of Ashenzari.
  2211 | D:3      | Gained mutation: Your natural rate of healing is unusually
                  | fast. [Vine Stalker growth]
  2211 | D:3      | Reached XP level 4. HP: 21/21 MP: 7/9
  2330 | D:3      | Found a blossoming altar of Fedhas.
  2658 | D:3      | Found an iron altar of Okawaru.
  3122 | D:4      | Reached XP level 5. HP: 23/24 MP: 6/10
  3331 | D:4      | Noticed a phantom
  3377 | D:4      | Killed a phantom
  3378 | D:4      | Reached skill level 1 in Polearms
  3378 | D:4      | Reached XP level 6. HP: 26/29 MP: 6/12
  3481 | D:4      | Learned a level 3 spell: Summon Guardian Golem
  3773 | D:4      | Reached skill level 1 in Fighting
  3949 | D:4      | Reached skill level 5 in Summonings
  4863 | D:5      | Entered Level 5 of the Dungeon
  4877 | D:5      | Reached XP level 7. HP: 31/33 MP: 4/13
  4884 | D:5      | Learned a level 4 spell: Summon Lightning Spire
  4944 | D:5      | Found an opulent altar of Gozag.
  4945 | D:5      | Found a glowing silver altar of Zin.
  4998 | D:5      | Reached skill level 5 in Stealth
  5093 | D:5      | Found a snail-covered altar of Cheibriados.
  5095 | D:5      | Found a sacrificial altar of Ru.
  5307 | D:5      | Gained mutation: You have razor-sharp teeth. [Vine Stalker
                  | growth]
  5307 | D:5      | Reached XP level 8. HP: 36/39 MP: 10/15
  5494 | D:5      | Reached skill level 1 in Air Magic
  5509 | D:5      | Reached skill level 1 in Hexes
  5677 | D:6      | Found a staircase to the Ecumenical Temple.
  5690 | Temple   | Entered the Ecumenical Temple
  5722 | Temple   | Became a worshipper of Yredelemnul the Dark
  5818 | D:6      | Reached * piety under Yredelemnul
  5980 | D:6      | Reached ** piety under Yredelemnul
  6056 | D:6      | Reached skill level 1 in Invocations
  6270 | D:6      | Found a shadowy altar of Dithmenos.
  6412 | D:6      | Reached XP level 9. HP: 44/44 MP: 17/17
  6588 | D:6      | Reached skill level 5 in Spellcasting
  6611 | D:6      | Noticed Eustachio
  6660 | D:6      | Killed Eustachio
  7199 | D:7      | Killed by an exploding themself... ignited by their inner
                  | flame

Illustrated notes

Levels and vault maps discovered:
D:1:      dpeg_arrival_court, layout_loops_ring, corexii_leaking_fountain
D:2:      layout_rooms, hellmonk_ecumenical_altar_lost_god, minmay_lizard_king
D:3:      layout_loops_cross, mainiacjoe_overflow_chevrons, fedhas_altar_1,
          mainiacjoe_overflow_surrounded_room, minmay_misc_feat_chi
D:4:      layout_layer_cave, serial_glass, glass_columns_a, glass_columns_a,
          due_unseen_surprise, item_on_display_b, item_on_display_a
D:5:      layout_rooms, grunt_temple_overflow_gold_and_silver,
          grunt_temple_overflow_open, serial_bayou_pond_b, cheibrodos_gnoll_hut
D:6:      layout_basic, overflow_temple_1_default,
          minmay_temple_entry_gardened_gates, nrook_campfire, uniq_eustachio
D:7:      layout_basic, bloody_makhleb
Temple:   minmay_temple_bridge_abc

Skill      XL: |  1  2  3  4  5  6  7  8  9 |
---------------+----------------------------+-----
Stealth        | 3 4 5 6 |  6.6
Dodging        | 2 3 4 |  4.1
Spellcasting   | 3 4 5 |  5.0
Polearms       | 1 2 3 |  3.3
Fighting       | 1 2 3 |  3.3
Summonings     | 5 6 |  6.1
Air Magic      | 2 |  2.5
Hexes          | 2 |  2.5
Invocations    | 1 2 |  2.0

Action                   |  1- 3 |  4- 6 |  7- 9 || total
-------------------------+-------+-------+-------++-------
Melee: Short sword       |    11 |       |       ||    11
       Bite              |    13 |    23 |    27 ||    63
       Unarmed           |     2 |       |       ||     2
       Quarterstaff      |    57 |    61 |       ||   118
       Trident           |       |    69 |   152 ||   221
 Cast: Summon Small Mamm |    10 |     1 |       ||    11
       Call Imp          |     9 |    12 |     6 ||    27
       Call Canine Famil |       |    12 |    22 ||    34
       Summon Guardian G |       |       |     6 ||     6
       Summon Lightning  |       |       |     1 ||     1
  Use: Scroll            |       |     4 |       ||     4
 Stab: Sleeping          |     4 |     4 |     2 ||    10
       Distracted        |       |     1 |     2 ||     3
Armor: Robe              |     4 |       |       ||     4
       Leather armour    |       |    42 |    32 ||    74
Dodge: Dodged            |    41 |   121 |    91 ||   253

Table legend: (Time is in decaauts)
 A = Elapsed time spent in this place.
 B = Non-inter-level travel time spent in this place.
 C = Inter-level travel time spent in this place.
 D = Time resting spent in this place.
 E = Time spent auto-exploring this place.
 F = Levels seen in this place.
 G = Mean time per level.
                   A        B        C        D        E       F      G
               +--------+--------+--------+--------+--------+-----+--------+
         Total |   7282 |   7144 |    138 |     67 |   5515 |   8 |  910.2 |
       Dungeon |   7227 |   7089 |    138 |     67 |   5493 |   7 | 1032.4 |
        Temple |     54 |     54 |      0 |      0 |     22 |   1 |   54.0 |
               +--------+--------+--------+--------+--------+-----+--------+

Top non-repeatable levels by time:
     D:4: 1820 daAuts
     D:6: 1479 daAuts
     D:1: 1316 daAuts
     D:3: 950 daAuts
     D:5: 827 daAuts
     D:2: 824 daAuts
  Temple: 54 daAuts
     D:7: 9 daAuts
